 Dungeon Crawl Stone Soup version 0.22-a0-93-g6b88ebb (webtiles) character file.

166512 Firecrotchwizard the Phalangite (level 17, -17/131 HPs)
             Began as a Merfolk Skald on Jan 25, 2018.
             Was the Champion of Okawaru.
             Demolished by a spriggan rider
             ... wielding a +0 spear
              (20 damage)
             ... on level 3 of the Swamp.
             The game lasted 02:12:42 (38166 turns).

Firecrotchwizard the Phalangite (Merfolk Skald)    Turns: 38166, Time: 02:12:42

Health: -17/131    AC: 19    Str: 25    XL:     17   Next: 90%
Magic:  17/23      EV: 21    Int: 24    God:    Okawaru [******]
Gold:   969        SH: 21    Dex: 14    Spells: 9/20 levels left

rFire    + . .     SeeInvis +   y - +4 demon trident (elec)
rCold    x . .     Gourm    .   z - +5 shield of Untruth {rF- rN++ Str+10 Slay-4}
rNeg     + + .     Faith    .   b - +1 fire dragon scales
rPois    +         Spirit   .   W - +2 hat {SInv}
rElec    .         Reflect  +   Y - +2 cloak {MR+}
rCorr    +         Harm     .   v - +2 pair of gloves {Str+3}
MR       ++...                  (boots currently unavailable)
Stlth    +++++.....             T - +3 amulet of reflection
HPRegen  1.31/turn              L - ring "Rutwy" {rCorr rPois Stlth+}
MPRegen  0.18/turn              o - +6 ring of intelligence

@: regenerating, very quick
A: change form in water, swift swim, stealthy swim
a: Heroism, Finesse, Renounce Religion


You were on level 3 of the Swamp.
You worshipped Okawaru.
Okawaru was exalted by your worship.
You were not hungry.

You visited 6 branches of the dungeon, and saw 29 of its levels.
You visited 1 bazaar.
You also visited: Ice Cave.

You collected 2833 gold pieces.
You spent 1864 gold pieces at shops.

Inventory:

Hand Weapons
 y - a +4 demon trident of electrocution (weapon)
   (You took it off a red devil on level 2 of the Orcish Mines)
 H - a +2 bardiche of flaming
   (You took it off a tengu warrior on level 7 of the Dungeon)
Missiles
 E - 3 throwing nets {=f, !d}
Armour
 b - +1 fire dragon scales (worn)
   (You found it on level 6 of the Lair of Beasts)
 i - the +2 pair of boots of the Assassin (melded) {Detection Stab+ Stlth++}
   (You found it on level 13 of the Dungeon)

   It makes you much more stealthy.
 v - a +2 pair of gloves of strength (worn)
   (You found it on level 4 of the Lair of Beasts)
 z - the +5 shield of Untruth (worn) {rF- rN++ Str+10 Slay-4}
   (Okawaru gifted it to you on level 6 of the Lair of Beasts)

   It affects your strength (+10).
   It affects your accuracy and damage with ranged weapons and melee attacks
   (-4).
   It makes you vulnerable to fire.
   It greatly protects you from negative energy.
 W - a +2 hat of see invisible (worn)
   (Okawaru gifted it to you on level 11 of the Dungeon)
 Y - a +2 cloak of magic resistance (worn)
   (Okawaru gifted it to you on level 1 of the Orcish Mines)
Jewellery
 k - an uncursed ring of ice {rC+, rF-}
   (You took it off Fannar on level 1 of the Orcish Mines)
 o - a +6 ring of intelligence (right hand)
   (You found it on level 3 of the Lair of Beasts)
 C - the ring "Kaneirau" {rF+ Str+4 Dex+4 Stlth-}
   (You bought it in a shop in a bazaar)

   [ring of loudness]

   It affects your strength (+4).
   It affects your dexterity (+4).
   It protects you from fire.
   It makes you less stealthy.
 L - the ring "Rutwy" (left hand) {rCorr rPois Stlth+}
   (You bought it in a shop on level 1 of the Elven Halls)

   [ring of resist corrosion]

   It protects you from poison.
   It makes you more stealthy.
 M - the ring "Woukanniw" {MP+9 Dex+2}
   (You took it off an orc wizard on level 7 of the Dungeon)

   [ring of magical power]

   It affects your dexterity (+2).
   It affects your magic capacity (+9).
 Q - an uncursed ring of protection from cold {rC+, !d}
   (You found it on level 10 of the Dungeon)
 T - a +3 amulet of reflection (around neck)
   (You found it on level 15 of the Dungeon)
Wands
 c - a wand of digging (7)
   (You found it on level 13 of the Dungeon)
 j - a wand of acid (19)
   (You found it on level 7 of the Dungeon)
 q - a wand of iceblast (8)
   (You took it off a vampire on level 10 of the Dungeon)
 N - a wand of scattershot (3)
   (You found it on level 9 of the Dungeon)
 S - a wand of clouds (10)
   (You found it on level 11 of the Dungeon)
 X - a wand of disintegration (35) {@e1}
   (You found it on level 6 of the Lair of Beasts)
Scrolls
 a - 4 scrolls of fog
 h - 17 scrolls of identify
 n - a scroll of fear
 r - 5 scrolls of immolation {!r}
 x - 4 scrolls of remove curse
 B - 13 scrolls of teleportation
 G - a scroll of summoning
 J - a scroll of amnesia
 R - 2 scrolls of blinking {!r}
 Z - a scroll of magic mapping {!r}
Potions
 e - 6 potions of agility
 f - 6 potions of haste
 g - a potion of might
 l - 9 potions of flight
 m - 4 potions of brilliance
 s - 4 potions of mutation {!q}
 t - 2 potions of resistance
 u - 3 potions of ambrosia
 w - 2 potions of invisibility
 A - 4 potions of magic
 D - 3 potions of cancellation
 F - 12 potions of curing
 P - a potion of heal wounds
 V - 3 potions of lignification {!q}
Miscellaneous
 I - a box of beasts
 K - a lightning rod (4/4)
   (You found it on level 9 of the Dungeon)
 O - a phantom mirror
 U - a phial of floods
   (You found it on level 5 of the Lair of Beasts)
Comestibles
 d - 37 rations {@e1}


   Skills:
 + Level 11.5 Fighting
 - Level 23.5 Polearms
 - Level 5.7 Armour
 + Level 13.5 Dodging
 - Level 10.0 Stealth
 - Level 11.3 Shields
 - Level 2.0 Spellcasting
 - Level 2.0 Hexes
 - Level 12.9 Charms
 - Level 8.0 Invocations
 - Level 6.0 Evocations


You had 9 spell levels left.
You knew the following spells:

 Your Spells              Type           Power        Failure   Level  Hunger
a - Infusion              Chrm           ####         1%          1    #......
r - Regeneration          Chrm/Necr      ####......   11%         3    ###....
s - Shroud of Golubria    Chrm/Tloc      ####......   5%          2    ##.....
z - Spectral Weapon       Hex/Chrm       #####...     7%          3    ###....
S - Song of Slaying       Chrm           ######..     1%          2    ##.....


Dungeon Overview and Level Annotations

Branches:
Dungeon (15/15)            Temple (1/1) D:4            Lair (6/6) D:11
  Swamp (3/4) Lair:4       Spider (0/4) Lair:4        Slime (0/5) Lair:6
    Orc (2/2) D:11            Elf (2/3) Orc:2        Vaults (0/5) D:13
 Depths (0/5) D:15

Altars:
Ashenzari
Cheibriados
Dithmenos
Elyvilon
Fedhas
Gozag
Hepliaklqana
Kikubaaqudgha
Makhleb
Nemelex Xobeh
Okawaru
Qazlal
Ru
Sif Muna
Trog
Uskayaw
Vehumet
Wu Jian
Xom
Yredelemnul
Zin
The Shining One
Beogh

Shops:
D:4 !((   D:11 ?   D:15 }   Orc:1 [   Orc:2 ?[?}   Elf:1 =   Elf:2 *(

Portals:
Pandemonium: Orc:2

Annotations:
D:3 1 runed door
D:5 exclusion: moth of wrath
D:6 exclusion: oklob plant
Lair:4 exclusion: oklob plant
Elf:2 5 runed doors


Message History

The polar bear bites your spectral weapon!
Your spectral weapon shares its damage with you!
The polar bear closely misses your spectral weapon.
The polar bear barely misses your spectral weapon.
You take 8 damage, and have 88/131 hp.
You barely miss the polar bear.
Your spectral weapon hits the polar bear!!
You block the polar bear's attack. The polar bear barely misses you.
The polar bear claws you but does no damage.
You completely miss the polar bear.
You tail-slap the polar bear, but do no damage.
Your spectral weapon hits the polar bear.
The polar bear barely misses you. The polar bear closely misses you.
You block the polar bear's attack. You block the spriggan rider's attack.
You puncture the polar bear!
Your spectral weapon hits the polar bear.
You block the polar bear's attack. x3; The spriggan berserker misses you.
You block the spriggan rider's attack.
You impale the polar bear!!
You kill the polar bear!
The polar bear's corpse disappears in a puff of smoke!
The spriggan berserker completely misses you.
The spriggan berserker hits your spectral weapon with an enchanted hand axe!
Your spectral weapon shares its damage with you!
Your spectral weapon fades away.
You take 2 damage, and have 86/131 hp.
You puncture the spriggan druid! You block the spriggan rider's attack.
You barely miss the spriggan druid.
You block the spriggan berserker's attack.
You impale the spriggan druid!!
Your tail-slap misses the spriggan druid.
You block the spriggan berserker's attack.
You block the spriggan rider's attack. The spriggan druid barely misses you.
You miss the spriggan druid.
Your tail-slap misses the spriggan druid.
The spriggan berserker closely misses you.
The spriggan rider hits you but does no damage.
You barely miss the spriggan druid.
The spriggan berserker hits you with an enchanted hand axe!
The spriggan druid closely misses you.
You take 9 damage, and have 77/131 hp.
You impale the spriggan druid!!
Lightning courses through the spriggan druid!
You kill the spriggan druid!
Okawaru accepts your kill.
You hear a splash. x2
The spriggan rider hits you but does no damage.
The spriggan berserker misses you.
You puncture the spriggan berserker!
You block the spriggan berserker's attack.
The spriggan rider hits you from afar with a spear.
You take 5 damage, and have 72/131 hp.
Your skin crawls.
You block the spriggan berserker's attack.
You block the spriggan rider's attack.
You now have 18/23 mp.
You miss the spriggan berserker.
The spriggan berserker hits you with an enchanted hand axe!
You take 16 damage, and have 57/131 hp.
You are too injured to fight recklessly!
You are too injured to fight recklessly!
You closely miss the spriggan berserker.
Your tail-slap misses the spriggan berserker.
You block the spriggan rider's attack.
The spriggan berserker hits you with an enchanted hand axe.
You take 2 damage, and have 55/131 hp.
You hit the spriggan berserker.
You block the spriggan berserker's attack.
You miss the spriggan berserker. You block the spriggan rider's attack.
You hit the spriggan berserker but do no damage.
You tail-slap the spriggan berserker, but do no damage.
The spriggan berserker hits you with an enchanted hand axe!
You block the spriggan rider's attack.
You take 17 damage, and have 40/131 hp.
You closely miss the spriggan berserker.
You tail-slap the spriggan berserker, but do no damage.
The spriggan berserker completely misses you.
You draw out your weapon's spirit!
You block the spriggan berserker's attack.
The spriggan berserker misses your spectral weapon.
The spriggan rider misses you.
You block the spriggan berserker's attack.
The spriggan berserker hits your spectral weapon with an enchanted hand axe.
Your spectral weapon shares its damage with you!
A deep elf knight comes into view. It is wielding a short sword.
You now have 16/23 mp.
You hit the spriggan berserker.
Your spectral weapon closely misses the spriggan berserker.
The spriggan rider closely misses you.
You barely miss the spriggan berserker.
Your spectral weapon barely misses the spriggan berserker.
The spriggan berserker hits you with an enchanted hand axe!!
* * * LOW HITPOINT WARNING * * *
The spriggan berserker hits your spectral weapon with an enchanted hand axe!
Your spectral weapon shares its damage with you!
* * * LOW HITPOINT WARNING * * *
The deep elf knight gestures wildly while chanting.
The deep elf knight seems to speed up.
The spriggan rider hits you from afar with a spear!!
You die...

♣ ≈≈♣♣♣ ≈≈≈≈≈♣♣
..≈≈§i≈♣♣♣
e....)()≈♣♣♣ ♣♣♣♣♣
♣i@≈≈≈♣♣♣♣♣♣♣♣≈≈≈♣♣
♣♣♣.≈≈≈≈≈≈≈♣♣≈≈≈≈≈§
♣♣♣≈≈≈≈≈≈≈≈≈≈≈.♣♣
♣♣♣♣♣♣♣.≈≈≈.♣♣♣♣
♣.♣♣ ♣♣♣♣♣♣♣♣ ♣≈
♣♣.♣ ♣≈♣♣♣♣ ♣♣≈
♣.♣♣♣≈≈♣.♣♣ ♣..
♣(.♣≈≈♣..≈♣ ♣♣≈
♣≈...♣♣♣≈≈♣♣♣♣§


You could see a spriggan rider, a spriggan berserker (berserk), a deep elf
knight and a friendly spectral demon trident of electrocution.

Vanquished Creatures
  Gastronok (Lair:1)
  An azure jelly (Elf:2)
  A deep elf sorcerer (Elf:1)
  An orc warlord (Orc:1)
  A very ugly thing (Swamp:1)
  A stone giant (Orc:2)
  2 blizzard demons (IceCv)
  2 fire dragons
  4 vault guards (D:13)
  9 hydras
  Fannar (Orc:1)
  A catoblepas (Lair:6)
  3 centaur warriors
  3 ghost crabs
  An ice dragon (D:15)
  17 alligators
  7 two-headed ogres
  10 dancing weapons
  2 tengu warriors
  10 death yaks
  3 orc high priests
  Urug (D:12)
  3 deep elf knights
  4 swamp dragons
  A spriggan druid (Swamp:3)
  An infernal demonspawn (Orc:2)
  4 unseen horrors
  2 gelid demonspawn (Orc:2)
  5 deep elf archers
  A lindwurm (Lair:6)
  A shambling mangrove (Swamp:3)
  4 orc knights (Orc:2)
  35 deep elf magi
  3 manticores
  12 orc sorcerers
  3 cyclopes
  10 ugly things
  3 centaur zombies
  7 elephants
  10 black mambas
  3 torpor snails (Lair:6)
  2 ice statues (IceCv)
  An eye of devastation (Lair:6)
  2 gargoyles
  19 spiny frogs
  An orange demon (Orc:2)
  7 komodo dragons
  5 rime drakes
  3 freezing wraiths (Elf:2)
  A golden dragon simulacrum (IceCv)
  13 ice devils
  A red devil (Orc:2)
  An anaconda simulacrum (IceCv)
  9 trolls
  A merfolk (shapeshifter) (Elf:2)
  A wolf spider simulacrum (D:15)
  5 bog bodies
  6 tyrant leeches
  6 hornets
  A polar bear (Lair:3)
  3 dream sheep (Lair:6)
  10 slime creatures
  12 blink frogs
  8 hippogriffs
  5 shadows
  5 wyverns
  A vampire (D:10)
  2 wraiths
  A fire elemental (Elf:1)
  3 spriggans
  A tarantella (shapeshifter) (D:15)
  3 water elementals
  48 yaks
  3 dire elephant simulacra (IceCv)
  5 basilisks
  18 vampire mosquitoes
  Grum (Lair:1)
  3 steam dragons
  3 wargs (Orc:1)
  Menkaure (D:7)
  2 hungry ghosts
  Edmund (D:6)
  2 acid dragons
  10 insubstantial wisps
  3 harpy simulacra (IceCv)
  11 swamp worms
  A hydra simulacrum (IceCv)
  A soldier ant (D:15)
  7 water moccasins
  17 porcupines
  4 black bears
  36 orc warriors
  7 ice beasts
  6 swamp drakes
  An eye of draining (Lair:6)
  7 sky beasts
  An ettin simulacrum (IceCv)
  6 centaurs
  A necrophage (D:9)
  10 ogres
  The ghost of senyk the Chopper, an amateur FoFi (D:4)
  16 wolves
  2 phantoms
  13 crocodiles
  A big kobold (D:7)
  3 wyvern zombies
  13 bullfrogs
  3 scorpions
  A water moccasin skeleton (D:11)
  16 killer bees
  2 spriggan skeletons (D:10)
  An electric eel (D:12)
  8 wights
  10 crimson imps
  2 howler monkeys
  2 lava snakes (Lair:2)
  2 quasits
  6 hounds
  2 bullfrog skeletons
  3 jellies
  19 orc wizards
  27 orc priests
  4 iron imps
  11 centaur skeletons
  6 iguanas
  15 worker ants
  A hound zombie (D:10)
  A hound skeleton (D:4)
  A howler monkey zombie (D:11)
  A worker ant zombie (D:9)
  3 gnolls (D:5)
  A river rat (D:3)
  12 adders
  2 shadow imps
  An adder skeleton (D:7)
  4 worms
  3 dart slugs
  7 leopard geckos
  98 orcs
  5 giant cockroaches
  8 goblins
  9 hobgoblins
  15 jackals
  12 kobolds
  5 quokkas
  8 bats
  4 frilled lizards
  A quokka zombie (D:8)
  8 rats
  2 fungi (Lair:2)
  A plant (Swamp:3)
951 creatures vanquished.

Vanquished Creatures (others)
  8 fungi
  5 plants
  25 spectral weapons
38 creatures vanquished.

Grand Total: 989 creatures vanquished

Notes
Turn   | Place    | Note
-------+----------+-------------------------------------------
     0 | D:1      | Firecrotchwizard the Merfolk Skald began the quest for the Orb.
     0 | D:1      | Reached XP level 1. HP: 16/16 MP: 3/3
   162 | D:1      | Reached XP level 2. HP: 22/22 MP: 5/5
   166 | D:1      | Learned a level 2 spell: Shroud of Golubria
   420 | D:1      | HP: 5/22 [frilled lizard (1)]
   742 | D:1      | Reached skill level 4 in Polearms
   768 | D:1      | Reached XP level 3. HP: 19/27 MP: 2/6
   922 | D:1      | Reached skill level 4 in Charms
  1152 | D:2      | Found a white marble altar of Elyvilon.
  1508 | D:2      | Reached XP level 4. HP: 10/33 MP: 0/7
  1511 | D:2      | HP: 8/33 [poisoned by an adder]
  1519 | D:2      | HP: 7/33 [poisoned by an adder]
  1965 | D:2      | Reached skill level 5 in Polearms
  2362 | D:3      | Reached XP level 5. HP: 30/38 MP: 2/8
  2489 | D:3      | Reached skill level 5 in Charms
  2888 | D:3      | Reached skill level 6 in Polearms
  2959 | D:3      | Found a glowing drain.
  3374 | D:3      | Found an ancient bone altar of Kikubaaqudgha.
  3581 | D:3      | Found a runed door.
  3600 | D:3      | Found a glowing golden altar of the Shining One.
  3600 | D:3      | Noticed an angel
  3609 | D:3      | Learned a level 3 spell: Spectral Weapon
  4033 | D:3      | Reached XP level 6. HP: 44/44 MP: 9/9
  4223 | D:4      | Found Qyssoam's Distillery.
  4562 | D:4      | Reached skill level 1 in Hexes
  4656 | D:4      | Found a staircase to the Ecumenical Temple.
  4671 | Temple   | Entered the Ecumenical Temple
  4790 | Temple   | Became a worshipper of Warmaster Okawaru
  4941 | D:3      | HP: 11/44 [orc/flail of protection (7)]
  5437 | D:4      | Reached skill level 7 in Polearms
  5437 | D:4      | Reached skill level 1 in Shields
  5712 | D:4      | Found a shattered altar of Ashenzari.
  5720 | D:4      | Noticed senyk's ghost (amateur FoFi)
  5742 | D:4      | Killed senyk's ghost
  5742 | D:4      | Reached skill level 2 in Shields
  5742 | D:4      | Reached XP level 7. HP: 36/50 MP: 0/10
  5903 | D:4      | Found Qezaach's Weapon Shoppe.
  5904 | D:4      | Found Buwomail's Weapon Shoppe.
  5909 | D:4      | Got a sheer robe
  5957 | D:4      | Reached skill level 8 in Polearms
  6041 | D:4      | Identified the cursed +0 robe of the Little Devil {rN+ MR+ Str-4 Dex+4} (You found it on level 4 of the Dungeon)
  6057 | D:4      | Found a glowing silver altar of Zin.
  6177 | D:4      | Reached skill level 3 in Shields
  6518 | D:5      | Entered Level 5 of the Dungeon
  6550 | D:5      | Reached * piety under Okawaru
  6745 | D:5      | HP: 2/50 [ogre/giant spiked club (17)]
  6752 | D:5      | Reached skill level 9 in Polearms
  6752 | D:5      | Reached skill level 4 in Shields
  7063 | D:5      | Reached XP level 8. HP: 50/56 MP: 4/11
  7381 | D:5      | Found a stormy altar of Qazlal.
  7436 | D:5      | Reached skill level 2 in Hexes
  7436 | D:5      | Reached skill level 6 in Charms
  7626 | D:5      | Reached ** piety under Okawaru
  7682 | D:5      | Reached skill level 10 in Polearms
  8103 | D:5      | Found a blossoming altar of Fedhas.
  8103 | D:5      | Found a sparkling altar of Nemelex Xobeh.
  8209 | D:5      | Found a hazy altar of Hepliaklqana.
  8263 | D:5      | Noticed a moth of wrath
  8266 | D:5      | Found a bloodstained altar of Trog.
  8410 | D:5      | Reached skill level 7 in Charms
  8687 | D:6      | Reached skill level 11 in Polearms
  8723 | D:5      | HP: 9/56 [black bear (10)]
  9071 | D:6      | Reached XP level 9. HP: 52/61 MP: 5/12
  9134 | D:6      | Reached skill level 12 in Polearms
  9268 | D:6      | Reached skill level 1 in Armour
  9419 | D:4      | Bought a +0 trident for 38 gold pieces
  9467 | D:6      | Noticed Edmund
  9476 | D:6      | Killed Edmund
  9476 | D:6      | Reached skill level 3 in Dodging
  9707 | D:6      | Reached skill level 4 in Dodging
  9780 | D:6      | Found a hazy altar of Hepliaklqana.
  9782 | D:6      | Noticed an oklob plant
  9886 | D:6      | Found a glowing golden altar of the Shining One.
 10617 | D:7      | Reached *** piety under Okawaru
 10617 | D:7      | Reached skill level 3 in Fighting
 10626 | D:7      | Reached skill level 13 in Polearms
 10635 | D:7      | Noticed Menkaure
 10652 | D:7      | Killed Menkaure
 10652 | D:7      | Reached skill level 4 in Fighting
 10806 | D:7      | HP: 16/65 [wyvern zombie (4)]
 10806 | D:7      | HP: 6/65 [wyvern zombie (10)]
 11331 | D:7      | Noticed a tengu warrior
 11334 | D:7      | Noticed a five-headed hydra
 11342 | D:7      | Killed a tengu warrior
 11342 | D:7      | Reached **** piety under Okawaru
 11342 | D:7      | Reached skill level 14 in Polearms
 11342 | D:7      | Reached skill level 6 in Dodging
 11342 | D:7      | Reached XP level 10. HP: 20/71 MP: 8/13
 11343 | D:7      | HP: 17/71 [poisoned by a tengu warrior]
 11347 | D:7      | HP: 8/71 [poisoned by a tengu warrior]
 11349 | D:7      | HP: 3/71 [poisoned by a tengu warrior]
 11360 | D:7      | HP: 17/71 [poisoned by a tengu warrior]
 11365 | D:7      | HP: 14/71 [poisoned by a tengu warrior]
 11370 | D:7      | HP: 12/71 [poisoned by a tengu warrior]
 11375 | D:7      | HP: 11/71 [poisoned by a tengu warrior]
 11380 | D:7      | HP: 10/71 [poisoned by a tengu warrior]
 11381 | D:7      | Got a slimy battleaxe {speed}
 11388 | D:7      | HP: 10/71 [poisoned by a tengu warrior]
 11767 | D:7      | Identified the Disquisition on Unholy Stones
 11772 | D:7      | Got a heavily runed copper amulet
 11776 | D:7      | Identified the amulet of Fowkiell {Inacc rPois} (You found it on level 7 of the Dungeon)
 11863 | D:7      | Killed a five-headed hydra
 11863 | D:7      | Reached skill level 2 in Armour
 11863 | D:7      | Reached skill level 7 in Dodging
 11938 | D:7      | Learned a level 3 spell: Ozocubu's Armour
 11942 | D:7      | Learned a level 3 spell: Regeneration
 12040 | D:7      | Got a clouded ivory ring
 12083 | D:7      | Identified the ring "Woukanniw" {MP+9 Dex+2} (You took it off an orc wizard on level 7 of the Dungeon)
 12231 | D:8      | Reached skill level 8 in Dodging
 12235 | D:8      | Noticed a two-headed ogre
 12241 | D:8      | Killed a two-headed ogre
 12241 | D:8      | Reached ***** piety under Okawaru
 12241 | D:8      | Reached skill level 5 in Fighting
 12381 | D:8      | Found a snail-covered altar of Cheibriados.
 12663 | D:8      | Got a twisted hand axe
 12724 | D:8      | Reached skill level 3 in Armour
 12963 | D:8      | Reached skill level 15 in Polearms
 13436 | D:9      | Reached skill level 6 in Fighting
 13440 | D:9      | Reached XP level 11. HP: 78/81 MP: 8/14
 14039 | D:9      | Learned a level 2 spell: Song of Slaying
 14055 | D:9      | Reached skill level 9 in Dodging
 14318 | D:9      | Reached skill level 1 in Stealth
 14386 | D:9      | Received a gift from Okawaru
 14386 | D:9      | Reached skill level 2 in Stealth
 14604 | D:9      | Found a burning altar of Makhleb.
 14683 | D:9      | Reached skill level 3 in Stealth
 14735 | D:10     | Entered Level 10 of the Dungeon
 14967 | D:10     | Reached skill level 8 in Charms
 15026 | D:10     | Killed an unseen horror
 15026 | D:10     | Reached skill level 4 in Stealth
 15252 | D:10     | Noticed a two-headed ogre
 15257 | D:10     | Killed a two-headed ogre
 15257 | D:10     | Reached skill level 5 in Stealth
 15368 | D:10     | Reached skill level 9 in Charms
 16244 | D:11     | Found Foiniunt's Magic Scroll Shop.
 16251 | D:11     | Bought a scroll of blinking for 112 gold pieces
 16266 | D:11     | Noticed a death yak
 16267 | D:11     | Noticed a death yak
 16286 | D:11     | Killed a death yak
 16286 | D:11     | Reached skill level 7 in Fighting
 16289 | D:11     | Noticed a death yak
 16290 | D:11     | Noticed a death yak
 16290 | D:11     | Noticed a death yak
 16307 | D:11     | Killed a death yak
 16307 | D:11     | Reached skill level 10 in Charms
 16314 | D:11     | Killed a death yak
 16314 | D:11     | Received a gift from Okawaru
 16314 | D:11     | Reached XP level 12. HP: 41/91 MP: 9/15
 16330 | D:11     | Killed a death yak
 16330 | D:11     | Reached ****** piety under Okawaru
 16330 | D:11     | Reached skill level 10 in Dodging
 16395 | D:11     | Got a steaming halberd {god gift}
 16401 | D:11     | Found a staircase to the Lair.
 16454 | D:11     | Reached skill level 11 in Charms
 16489 | D:11     | Identified the +1 halberd "Wyotaomeo" {freeze, rElec MR- Int+4 Dex+3} (Okawaru gifted it to you on level 11 of the Dungeon)
 16742 | D:11     | Received a gift from Okawaru
 16948 | D:11     | Found a staircase to the Orcish Mines.
 16949 | D:11     | Noticed a two-headed ogre
 16974 | D:11     | Reached skill level 16 in Polearms
 16985 | D:11     | Reached skill level 12 in Charms
 16993 | D:11     | Killed a two-headed ogre
 17199 | D:11     | Found a roughly hewn altar of Beogh.
 17251 | Lair:1   | Entered Level 1 of the Lair of Beasts
 17265 | Lair:1   | Noticed Gastronok
 17281 | Lair:1   | Killed Gastronok
 17283 | Lair:1   | Reached skill level 4 in Armour
 17649 | Lair:1   | Reached XP level 13. HP: 96/96 MP: 16/16
 17787 | Lair:1   | HP: 22/96 [komodo dragon (15)]
 18066 | Lair:1   | Reached skill level 8 in Fighting
 18066 | Lair:1   | Reached skill level 17 in Polearms
 18210 | Lair:1   | Noticed Grum
 18223 | Lair:1   | Killed Grum
 18800 | Lair:2   | Reached skill level 1 in Invocations
 18855 | Lair:2   | Reached skill level 2 in Invocations
 19014 | Lair:2   | Received a gift from Okawaru
 19309 | Lair:2   | Reached skill level 3 in Invocations
 19365 | Lair:2   | Reached skill level 18 in Polearms
 20346 | Lair:3   | Reached skill level 4 in Invocations
 20583 | Lair:3   | Received a gift from Okawaru
 20583 | Lair:3   | Reached skill level 5 in Invocations
 20913 | Lair:4   | Reached skill level 19 in Polearms
 20981 | Lair:4   | Found a hole to the Spider Nest.
 20990 | Lair:4   | Reached skill level 6 in Invocations
 21077 | Lair:4   | Reached XP level 14. HP: 101/105 MP: 18/18
 21154 | Lair:4   | Found a staircase to the Swamp.
 21596 | Lair:5   | Got a bloodstained plate armour
 21731 | Lair:5   | Reached skill level 7 in Invocations
 22280 | Lair:6   | Entered Level 6 of the Lair of Beasts
 22618 | Lair:6   | Found a staircase to the Slime Pits.
 22818 | Lair:6   | Reached skill level 8 in Invocations
 23388 | Lair:6   | Reached skill level 20 in Polearms
 23656 | Lair:6   | Reached skill level 9 in Fighting
 23996 | Lair:6   | Received a gift from Okawaru
 23997 | Lair:6   | Got a shimmering shield {god gift}
 24580 | Lair:6   | Reached skill level 10 in Fighting
 24588 | Lair:6   | HP: 25/110 [death yak (5)]
 24590 | Lair:6   | HP: 9/110 [manticore (9)]
 25133 | D:12     | Noticed Urug
 25143 | D:12     | Killed Urug
 25207 | D:12     | Reached skill level 21 in Polearms
 25214 | D:12     | Reached skill level 11 in Dodging
 25906 | D:12     | Reached XP level 15. HP: 115/115 MP: 21/21
 26301 | D:13     | Found a gate to the Vaults.
 26312 | D:13     | Reached skill level 5 in Armour
 26335 | D:13     | Received a gift from Okawaru
 26932 | D:13     | Found the +2 pair of boots of the Assassin {Detection Stab+ Stlth++}
 27516 | D:14     | Found a blossoming altar of Fedhas.
 27769 | D:14     | Found a gateway to a bazaar.
 27789 | Bazaar   | Entered a bazaar
 27796 | Bazaar   | Found Byeshre's Antique Armour Shop.
 27798 | Bazaar   | Found Nacur's Jewellery Shop.
 27844 | Bazaar   | Bought the ring "Kaneirau" {rF+ Str+4 Dex+4 Stlth-} for 344 gold pieces
 27964 | D:15     | Entered Level 15 of the Dungeon
 28006 | D:15     | Reached skill level 22 in Polearms
 28157 | D:15     | Received a gift from Okawaru
 28157 | D:15     | Reached skill level 12 in Dodging
 28168 | D:15     | HP: 28/115 [poisoned by a green ugly thing]
 28174 | D:15     | HP: 25/115 [poisoned by a green ugly thing]
 28179 | D:15     | HP: 23/115 [poisoned by a green ugly thing]
 28184 | D:15     | HP: 22/115 [poisoned by a green ugly thing]
 28191 | D:15     | HP: 23/115 [poisoned by a green ugly thing]
 28199 | D:15     | HP: 23/115 [poisoned by a green ugly thing]
 28548 | D:15     | Found Vaas's Gadget Emporium.
 28552 | D:15     | Bought a box of beasts for 360 gold pieces
 28552 | D:15     | Bought a wand of acid (8) for 432 gold pieces
 28607 | D:15     | Reached skill level 1 in Evocations
 28755 | D:15     | Reached skill level 2 in Evocations
 28916 | D:15     | HP: 25/115 [ice dragon (9)]
 29227 | D:15     | Found a staircase to the Depths.
 29325 | D:15     | Reached skill level 3 in Evocations
 29869 | Orc:1    | Entered Level 1 of the Orcish Mines
 29885 | Orc:1    | Noticed an orc warlord
 30058 | Orc:1    | Killed an orc warlord
 30058 | Orc:1    | Received a gift from Okawaru
 30058 | Orc:1    | Reached skill level 4 in Evocations
 30127 | Orc:1    | Found Qobrul's Antique Armour Boutique.
 30384 | Orc:1    | Noticed Fannar
 30415 | Orc:1    | Killed Fannar
 30660 | Orc:2    | Entered Level 2 of the Orcish Mines
 30764 | Orc:2    | Found Geeg's Magic Scroll Shoppe.
 30771 | Orc:2    | Reached XP level 16. HP: 115/122 MP: 17/22
 30775 | Orc:2    | Reached skill level 5 in Evocations
 30790 | Orc:2    | Found Xioch's Magic Scroll Emporium.
 30950 | Orc:2    | Reached skill level 23 in Polearms
 31006 | Orc:2    | Found a staircase to the Elven Halls.
 31259 | Orc:2    | HP: 28/122 [orc high priest/battleaxe (15)]
 31275 | Orc:2    | Reached skill level 6 in Evocations
 31872 | D:13     | Identified the +5 shield of Untruth {rF- rN++ Str+10 Slay-4} (Okawaru gifted it to you on level 6 of the Lair of Beasts)
 32040 | Orc:2    | Reached skill level 5 in Shields
 32041 | Orc:2    | Found Orghitooh's Antique Armour Shop.
 32041 | Orc:2    | Found Iskywasu's Gadget Boutique.
 32041 | Orc:2    | Found a one-way gate leading to the halls of Pandemonium.
 32386 | Elf:1    | Entered Level 1 of the Elven Halls
 32569 | Elf:1    | Reached skill level 6 in Shields
 32747 | Elf:1    | Received a gift from Okawaru
 32819 | Elf:1    | Reached skill level 7 in Shields
 33209 | Elf:1    | Reached skill level 8 in Shields
 33343 | Elf:1    | Found Ylybuf's Jewellery Shop.
 33347 | Elf:1    | Bought the ring "Rutwy" {rCorr rPois Stlth+} for 578 gold pieces
 33435 | Elf:1    | Identified the Grimoire of Conjuration and Calling
 33547 | Elf:2    | Found Maeru's Antique Weapon Shop.
 33641 | Elf:2    | Reached skill level 9 in Shields
 33786 | Elf:2    | Found Jempym's Assorted Antiques.
 34016 | Elf:2    | Reached skill level 10 in Shields
 34072 | Elf:2    | Noticed an azure jelly
 34083 | Elf:2    | Killed an azure jelly
 34083 | Elf:2    | Received a gift from Okawaru
 34090 | Elf:2    | Found a frozen archway.
 34098 | IceCv    | Entered an ice cave
 34143 | IceCv    | Reached XP level 17. HP: 128/128 MP: 13/23
 34435 | IceCv    | HP: 29/128 [blizzard demon (5)]
 34436 | IceCv    | Reached skill level 11 in Shields
 35114 | Elf:2    | Found a huge runed gate.
 35116 | Elf:2    | Found a huge runed gate.
 35116 | Elf:2    | Found a huge runed gate.
 35117 | Elf:2    | Found a huge runed gate.
 35117 | Elf:2    | Found a huge runed gate.
 35218 | Elf:2    | Reached skill level 6 in Stealth
 35725 | Swamp:1  | Entered Level 1 of the Swamp
 35725 | Swamp:1  | Found an ornate altar of the Wu Jian Council.
 35761 | Swamp:1  | Reached skill level 7 in Stealth
 35869 | Swamp:1  | Reached skill level 8 in Stealth
 36124 | Swamp:1  | Received a gift from Okawaru
 36124 | Swamp:1  | Reached skill level 9 in Stealth
 36270 | Swamp:1  | Received a gift from Okawaru
 36416 | Swamp:2  | Reached skill level 10 in Stealth
 36520 | Swamp:2  | Got a silken robe
 37223 | Swamp:3  | Reached skill level 11 in Fighting
 37271 | Swamp:3  | Reached skill level 13 in Dodging
 37548 | Swamp:3  | Received a gift from Okawaru
 37549 | Swamp:3  | Got a bloodstained scale mail {god gift}
 37639 | Swamp:3  | Identified the +1 scale mail of Okawaru's Condemnation {-Tele rF+ Regen+} (Okawaru gifted it to you on level 3 of the Swamp)
 38166 | Swamp:3  | HP: 11/131 [spriggan berserker/enchanted hand axe (31)]
 38166 | Swamp:3  | HP: 3/131 [spriggan berserker/enchanted hand axe (8)]
 38166 | Swamp:3  | Demolished by a spriggan rider

Vault maps used:
D:1:      ncdulo_lavacross, minmay_box_of_dots
D:2:      lemuel_coloured_pillars_altar, kennysheep_generic_room_9
D:3:      nicolae_overflow_crystal_walls, gup_sewer_entry_bubbles, first_ration,
          lemuel_angel_altar
D:4:      evilmike_ruin_ashenzari, zin_academy, minmay_temple_entry_statues,
          serial_shops, nicolae_shop_stone, shop_statue,
          nicolae_shop_statue_plus
D:5:      marbit_many_paths, nicolae_overflow_hidden_temple,
          gammafunk_temple_overflow_wave, tgw_trog
D:6:      lemuel_doored_altar, lemuel_oklob_altar, uniq_edmund
D:7:      grunt_ogre_cave, minmay_the_grid_2x2, uniq_menkaure
D:8:      slow_altar_1
D:9:      demons_altar
D:10:     hangedman_tell_no_tales
D:11:     dpeg_lair_monsters, minmay_orc_entry_temple_small, serial_shops,
          nicolae_shop_stone, statue_in_the_mist_lemuel
D:12:     wad_pebble_path, kennysheep_generic_room_2, uniq_urug
D:13:     lightli_vaults_fourway_checkpoint, minmay_checkerbox
D:14:     serial_shops, bzr_entry_water, minmay_misc_feat_pillars,
          minmay_misc_feat_roman, fedhas_altar_3, uniq_kirke
D:15:     grunt_enter_depths_hoard, serial_shops, shop, solitary_fountain
Temple:   compressed_dpeg_circular_temple
Lair:1:   beast_lair_carwin_6, uniq_grum, uniq_gastronok
Lair:2:   wad_woods_road_02, minivault_25, disabler_island,
          infiniplex_staircase_pool, lemuel_fruit_tree, grunt_megastairs_2
Lair:4:   minmay_swamp_entry_worms, dummy_spider_entry
Lair:5:   grunt_forest_stairs_basic
Lair:6:   guppyfry_lair_end_dragon, hangedman_lair_in_review,
          minmay_slime_entry_eyes
Swamp:1:  basic_altar
Swamp:2:  infiniplex_staircase_pool_2
Swamp:3:  cheibrodos_swamp_heart_of_darkness, hangedman_swamp_ruin_hall
Orc:1:    serial_shops, shop, uniq_fannar
Orc:2:    pf_orc_diabolical
Elf:1:    serial_shops, shop, minmay_elf_sorcery
Elf:2:    serial_shops, nicolae_shop_window_shopping, shop, mu_enter_wizlab_6,
          portal_ice_cave_entry_horrid_things, spider_trap
Bazaar:   bazaar_jpeg_cross
IceCv:    ice_cave_tombish

Skill      XL: |  1  2  3  4  5  6  7  8  9 10 11 12 13 14 15 16 17 |
---------------+----------------------------------------------------+-----
Polearms       | 4 5 6 7 9 11 14 15 16 19 21 22 23 | 23.5
Charms         | 4 5 7 10 12 | 12.9
Hexes          | 1 2 |  2.0
Shields        | 2 4 10 11 | 11.3
Armour         | 1 3 4 5 |  5.7
Dodging        | 6 8 9 10 11 12 13 | 13.5
Fighting       | 4 6 7 8 10 11 | 11.5
Stealth        | 5 10 | 10.0
Invocations    | 6 8 |  8.0
Evocations     | 4 6 |  6.0
Spellcasting   | |  2.0

Action                   |  1- 3 |  4- 6 |  7- 9 | 10-12 | 13-15 | 16-18 || total
-------------------------+-------+-------+-------+-------+-------+-------++-------
Melee: Spear             |   174 |   287 |   295 |       |       |       ||   756
       Tailslap          |       |     3 |       |       |     3 |    22 ||    28
       Trident           |       |       |   147 |   573 |       |       ||   720
       Bardiche          |       |       |       |    13 |   625 |   141 ||   779
       Halberd           |       |       |       |   143 |   136 |       ||   279
       Glaive            |       |       |       |       |   361 |       ||   361
       Demon trident     |       |       |       |       |       |   746 ||   746
Throw: Javelin           |       |       |       |       |       |    42 ||    42
 Cast: Infusion          |     9 |    14 |    30 |    20 |     3 |     2 ||    78
       Spectral Weapon   |       |     4 |    13 |    25 |    63 |    50 ||   155
       Shroud of Golubri |       |     1 |     1 |     6 |    53 |    19 ||    80
       Ozocubu's Armour  |       |       |       |     8 |    39 |       ||    47
       Song of Slaying   |       |       |       |     1 |     9 |     2 ||    12
       Regeneration      |       |       |       |     1 |     3 |     2 ||     6
Invok: Heroism           |       |       |     2 |     2 |     1 |     4 ||     9
       Finesse           |       |       |       |       |     1 |     2 ||     3
Evoke: Wand              |       |       |     2 |     1 |       |     1 ||     4
  Use: Scroll            |       |     1 |    16 |     8 |    18 |     7 ||    50
       Potion            |       |       |     2 |     1 |     1 |     3 ||     7
 Stab: Sleeping          |     1 |     3 |       |     7 |    20 |    13 ||    44
       Distracted        |       |       |     2 |     7 |     5 |    13 ||    27
       Confused          |       |       |       |       |     2 |       ||     2
  Eat: Chunk             |     2 |     9 |    12 |    20 |    25 |    13 ||    81
       Ration            |       |     2 |     2 |     2 |    10 |     5 ||    21
Armor: Leather armour    |    30 |    30 |       |       |       |       ||    60
       Robe              |       |    11 |    55 |    31 |       |       ||    97
       Troll leather arm |       |       |       |    66 |   130 |       ||   196
       Fire dragon scale |       |       |       |       |   144 |   119 ||   263
       Steam dragon scal |       |       |       |       |    12 |       ||    12
Dodge: Dodged            |    78 |   136 |   103 |   306 |   633 |   183 ||  1439
       Deflected         |       |     3 |     2 |     4 |    15 |       ||    24
Block: Buckler           |       |       |    45 |    49 |       |       ||    94
       Other             |       |       |       |       |     9 |     8 ||    17
       Shield            |       |       |       |       |       |   375 ||   375
       Reflection        |       |       |       |       |       |    20 ||    20

Table legend:
 A = Spawn XP
 B = Non-spawn XP
 C = Spawn XP percentage of total XP
 D = Spawn monster count
 E = Non-spawn monster count
 F = Spawn count percentage of total count
 G = Total turns spent on level
                    A         B        C        D         E        F      G
               +---------+---------+-------+---------+---------+-------+---------
         Total |       0 |  237875 |   0.0 |       0 |     948 |   0.0 | 38166
               +---------+---------+-------+---------+---------+-------+---------
           D:1 |       0 |      38 |   0.0 |       0 |      23 |   0.0 |  1096
           D:2 |       0 |      84 |   0.0 |       0 |      24 |   0.0 |  1253
           D:3 |       0 |     206 |   0.0 |       0 |      33 |   0.0 |  2405
           D:4 |       0 |     545 |   0.0 |       0 |      16 |   0.0 |  1666
           D:5 |       0 |    1345 |   0.0 |       0 |      33 |   0.0 |  2513
           D:6 |       0 |     973 |   0.0 |       0 |      18 |   0.0 |  1354
           D:7 |       0 |    2992 |   0.0 |       0 |      31 |   0.0 |  1805
           D:8 |       0 |    2317 |   0.0 |       0 |      22 |   0.0 |  1157
           D:9 |       0 |    3459 |   0.0 |       0 |      32 |   0.0 |  1357
          D:10 |       0 |    3826 |   0.0 |       0 |      29 |   0.0 |  1351
          D:11 |       0 |   11810 |   0.0 |       0 |      55 |   0.0 |  1458
          D:12 |       0 |    6061 |   0.0 |       0 |      28 |   0.0 |  1107
          D:13 |       0 |   14059 |   0.0 |       0 |      51 |   0.0 |  1213
          D:14 |       0 |    4241 |   0.0 |       0 |      13 |   0.0 |   586
          D:15 |       0 |   14526 |   0.0 |       0 |      39 |   0.0 |  1810
        Lair:1 |       0 |    9920 |   0.0 |       0 |      35 |   0.0 |  1521
        Lair:2 |       0 |    6802 |   0.0 |       0 |      36 |   0.0 |  1233
        Lair:3 |       0 |    5838 |   0.0 |       0 |      26 |   0.0 |   889
        Lair:4 |       0 |    7438 |   0.0 |       0 |      24 |   0.0 |   899
        Lair:5 |       0 |    2479 |   0.0 |       0 |       3 |   0.0 |   804
        Lair:6 |       0 |   21396 |   0.0 |       0 |      58 |   0.0 |  2729
       Swamp:1 |       0 |   15043 |   0.0 |       0 |      36 |   0.0 |   620
       Swamp:2 |       0 |    8886 |   0.0 |       0 |      21 |   0.0 |   740
       Swamp:3 |       0 |   19684 |   0.0 |       0 |      40 |   0.0 |  1081
         Orc:1 |       0 |    7957 |   0.0 |       0 |      63 |   0.0 |   687
         Orc:2 |       0 |   17971 |   0.0 |       0 |      72 |   0.0 |  1540
         Elf:1 |       0 |   16396 |   0.0 |       0 |      26 |   0.0 |  1186
         Elf:2 |       0 |   22457 |   0.0 |       0 |      35 |   0.0 |  1014
         IceCv |       0 |    9126 |   0.0 |       0 |      26 |   0.0 |   869
               +---------+---------+-------+---------+---------+-------+---------

Vault maps used:
D:1:      ncdulo_lavacross, minmay_box_of_dots
D:2:      lemuel_coloured_pillars_altar, kennysheep_generic_room_9
D:3:      nicolae_overflow_crystal_walls, gup_sewer_entry_bubbles, first_ration,
          lemuel_angel_altar
D:4:      evilmike_ruin_ashenzari, zin_academy, minmay_temple_entry_statues,
          serial_shops, nicolae_shop_stone, shop_statue,
          nicolae_shop_statue_plus
D:5:      marbit_many_paths, nicolae_overflow_hidden_temple,
          gammafunk_temple_overflow_wave, tgw_trog
D:6:      lemuel_doored_altar, lemuel_oklob_altar, uniq_edmund
D:7:      grunt_ogre_cave, minmay_the_grid_2x2, uniq_menkaure
D:8:      slow_altar_1
D:9:      demons_altar
D:10:     hangedman_tell_no_tales
D:11:     dpeg_lair_monsters, minmay_orc_entry_temple_small, serial_shops,
          nicolae_shop_stone, statue_in_the_mist_lemuel
D:12:     wad_pebble_path, kennysheep_generic_room_2, uniq_urug
D:13:     lightli_vaults_fourway_checkpoint, minmay_checkerbox
D:14:     serial_shops, bzr_entry_water, minmay_misc_feat_pillars,
          minmay_misc_feat_roman, fedhas_altar_3, uniq_kirke
D:15:     grunt_enter_depths_hoard, serial_shops, shop, solitary_fountain
Temple:   compressed_dpeg_circular_temple
Lair:1:   beast_lair_carwin_6, uniq_grum, uniq_gastronok
Lair:2:   wad_woods_road_02, minivault_25, disabler_island,
          infiniplex_staircase_pool, lemuel_fruit_tree, grunt_megastairs_2
Lair:4:   minmay_swamp_entry_worms, dummy_spider_entry
Lair:5:   grunt_forest_stairs_basic
Lair:6:   guppyfry_lair_end_dragon, hangedman_lair_in_review,
          minmay_slime_entry_eyes
Swamp:1:  basic_altar
Swamp:2:  infiniplex_staircase_pool_2
Swamp:3:  cheibrodos_swamp_heart_of_darkness, hangedman_swamp_ruin_hall
Orc:1:    serial_shops, shop, uniq_fannar
Orc:2:    pf_orc_diabolical
Elf:1:    serial_shops, shop, minmay_elf_sorcery
Elf:2:    serial_shops, nicolae_shop_window_shopping, shop, mu_enter_wizlab_6,
          portal_ice_cave_entry_horrid_things, spider_trap
Bazaar:   bazaar_jpeg_cross
IceCv:    ice_cave_tombish

Table legend:
 A = Turns spent in this place as a percentage of turns spent in the entire game.
 B = Non-inter-level travel turns spent in this place as a percentage of non-inter-level travel turns spent in the entire game.
 C = Inter-level travel turns spent in this place as a percentage of turns spent in this place.
 D = Turns resting spent in this place as a percentage of non-inter-level travel turns spent in this place.
 E = Turns spent auto-exploring this place as a percentage of non-inter-level travel turns spent in this place.
 F = Non-inter-level travel turns spent in this place divided by the number of levels of this place that you've seen.
                   A       B       C       D       E      F
               +-------+-------+-------+-------+-------+----------------------
         Total | 100.0 | 100.0 |   4.4 |  36.9 |  42.0 | 1177.2
       Dungeon |  58.0 |  58.0 |   4.4 |  41.7 |  39.5 | 1410.5
        Temple |   0.3 |   0.2 |  42.6 |   0.0 |  97.3 |  74.0
          Lair |  21.2 |  21.1 |   4.4 |  33.8 |  44.7 | 1286.2
         Swamp |   6.4 |   6.6 |   1.3 |  13.9 |  58.2 | 803.0
  Orcish Mines |   5.8 |   5.6 |   8.0 |  23.6 |  44.8 | 1024.5
   Elven Halls |   5.8 |   5.8 |   3.5 |  33.1 |  46.4 | 1062.0
        Bazaar |   0.2 |   0.3 |   0.0 |   0.0 |  42.6 |  94.0
      Ice Cave |   2.3 |   2.4 |   0.0 |  56.4 |  13.6 | 869.0
               +-------+-------+-------+-------+-------+----------------------

Table legend:
 A = Kills in this place as a percentage of kills in entire the game.
 B = Kills by you in this place as a percentage of kills by you in the entire game.
 C = Kills by friends in this place as a percentage of kills by friends in the entire game.
 D = Other kills in this place as a percentage of other kills in the entire game.
 E = Experience gained in this place as a percentage of experience gained in the entire game.
 F = Experience gained in this place divided by the number of levels of this place that you have seen.
                   A       B       C       D       E      F
               +-------+-------+-------+-------+-------+----------------------
         Total | 100.0 | 100.0 |   N/A |   N/A | 100.0 | 7673.4
       Dungeon |  47.2 |  47.2 |   N/A |   N/A |  27.9 | 4432.1
          Lair |  19.2 |  19.2 |   N/A |   N/A |  22.6 | 8978.8
         Swamp |  10.2 |  10.2 |   N/A |   N/A |  18.3 | 14537.7
  Orcish Mines |  14.2 |  14.2 |   N/A |   N/A |  10.9 | 12964.0
   Elven Halls |   6.4 |   6.4 |   N/A |   N/A |  16.3 | 19426.5
      Ice Cave |   2.7 |   2.7 |   N/A |   N/A |   3.8 | 9126.0
               +-------+-------+-------+-------+-------+----------------------
